 Dungeon Crawl Stone Soup version 0.22-a0-757-gdba82d8 (webtiles) character file.

24 Amnesiac the Digger (level 2, 0/19 HPs)
             Began as a Demonspawn Earth Elementalist on July 16, 2018.
             Slain by an adder (3 damage)
             ... on level 2 of the Dungeon.
             The game lasted 00:01:30 (431 turns).

Amnesiac the Digger (Demonspawn Earth Elementalist)  Turns: 431, Time: 00:01:31

Health: 0/19       AC:  2    Str:  8    XL:     2   Next: 79%
Magic:  2/5        EV: 18    Int: 16    God:
Gold:   30         SH:  0    Dex: 18    Spells: 4/5 levels left

rFire    . . .     SeeInvis .   h - +0 dagger
rCold    . . .     Gourm    .   (no shield)
rNeg     . . .     Faith    .   c - +0 robe
rPois    .         Spirit   .   (no helmet)
rElec    .         Reflect  .   (no cloak)
rCorr    .         Harm     .   (no gloves)
MR       .....                  (no boots)
Stlth    +++.......             (no amulet)
HPRegen  0.06/turn              (no ring)
MPRegen  0.09/turn              (no ring)

@: agile, very slightly contaminated
A: rot immunity
a: no special abilities


You were on level 2 of the Dungeon.
You were not hungry.

You visited 1 branch of the dungeon, and saw 3 of its levels.

You collected 30 gold pieces.

Inventory:

Hand Weapons
 h - a +0 dagger (weapon)
Missiles
 b - 42 stones (quivered)
Armour
 c - a +0 robe (worn)
Scrolls
 e - a scroll of enchant weapon {!r, unknown}
 g - 2 scrolls of enchant armour {!r, unknown}
Comestibles
 d - a ration
 f - 5 chunks of flesh


   Skills:
 * Level 1.2 Short Blades
 - Level 2.4 Dodging
 - Level 2.1 Stealth
 - Level 2.0 Spellcasting
   Level 0.8 Transmutations
 - Level 2.6 Earth Magic


You had 4 spell levels left.
You knew the following spells:

 Your Spells              Type           Power        Failure   Level  Hunger
a - Sandblast             Erth           ##....       7%          1    #......

Your spell library contained the following spells:

 Spells                   Type           Power        Failure   Level  Hunger
 Stone Arrow              Conj/Erth      #.....       34%         3    ###....
 Passwall                 Tmut/Erth      #.......     16%         2    ###....
 Lee's Rapid Deconstruct  Erth           ##........   88%         5    ######.
 Petrify                  Tmut/Erth      #.......     69%         4    #####..


Dungeon Overview and Level Annotations

Branches:
Dungeon (3/15)

Altars:

Annotations:
D:3 Grinder


Innate Abilities, Weirdness & Mutations

You are immune to rotting.


Message History

Found a purple potion and a murky inky potion.
There is a stone staircase leading up here.
Casting: Sandblast (safe; 7% risk of failure)
Confirm with . or Enter, or press ? or * to list all spells.
Aiming: Sandblast (safe; 7% risk of failure)
Press: ? - help, Shift-Dir - straight line, f - adder
Aim: an adder You miscast Sandblast.
You feel gritty. The adder misses you. The adder closely misses you.
A bat comes into view.
You feel sick.
A giant cockroach comes into view.
The adder bites you.
Found 16 gold pieces.
Found a stone staircase leading down.
Really quaff
a - 2 lumpy grey potions {!q}?
It was a potion of curing {!q}.
You feel better. The adder closely misses you. The bat misses you.
The adder barely misses you. The bat barely misses you.
The bat hits you but does no damage. The bat barely misses you.
Found a stone staircase leading up.
The bat hits you.
Found 24 stones.
The bat hits you but does no damage.
Found 7 gold pieces.
The bat closely misses you. x2
The bat closely misses you. The bat hits you.
Grinder shouts!
The bat hits you but does no damage. The bat barely misses you.
Grinder blinks!
There is a stone staircase leading up here.
The bat misses you. The bat closely misses you. The adder bites you.
You climb upwards.
A worm and a kobold come into view.
An adder comes into view.
Found a lead wand, 24 stones and 29 gold pieces.
There is a stone staircase leading down here.
The helpless kobold fails to defend itself.
You puncture the kobold!
You kill the kobold!
The adder bites you but does no damage.
An adder comes into view.
The adder hisses angrily.
You hear an angry hiss.
The adder bites you.
Found 3 scrolls labeled XACAMEBULU, a helmet and a spear.
Things that are here:
3 stones; a kobold corpse An adder comes into view.
The adder bites you.
* * * LOW HITPOINT WARNING * * *
You closely miss the adder. The adder bites you.
* * * LOW HITPOINT WARNING * * *
The adder bites you.
* * * LOW HITPOINT WARNING * * *
Unknown command.
Really quaff
a - a potion of curing {!q}?
You feel better.
The adder hisses angrily.
The adder bites you.
* * * LOW HITPOINT WARNING * * *
The adder bites you but does no damage.
Really quaff
i - a bubbling sapphire potion {!q}?
It was a potion of agility {!q}.
You feel agile all of a sudden.
The adder closely misses you. x2; The adder bites you.
You die...

.######## ...?....#
........#
...S....########
........#>.....#
......S@SS......#
..../............
.................
.......w......... ##.##
#...(...........$ .......
#.....$..........
.....(..
.......#....$...#
............).........[..
.#.......


You could see a worm and 4 adders.

Vanquished Creatures
  An adder (D:2)
  A giant cockroach (D:1)
  2 kobolds
  A quokka (D:2)
  A ball python (D:2)
  5 bats
  3 goblins
  A rat (D:1)
15 creatures vanquished.

Notes
Turn   | Place    | Note
-------+----------+-------------------------------------------
     0 | D:1      | Amnesiac the Demonspawn Earth Elementalist began the quest for the Orb.
     0 | D:1      | Reached XP level 1. HP: 13/13 MP: 3/3
   271 | D:1      | Gained mutation: You are immune to rotting. [demonic ancestry]
   271 | D:1      | Reached XP level 2. HP: 19/19 MP: 1/5
   329 | D:2      | Reached skill level 1 in Short Blades
   378 | D:2      | Noticed a bullfrog
   406 | D:3      | Noticed Grinder
   431 | D:2      | Slain by an adder

Vault maps used:
D:1:      sevenhm_arrival_forest_fort_large_2
D:3:      uniq_jessica, uniq_grinder

Skill      XL: |  1  2 |
---------------+-------+-----
Dodging        | 2 |  2.4
Stealth        | 2 |  2.1
Short Blades   | 1 |  1.2
Spellcasting   | |  2.0
Transmutations | |  0.8
Earth Magic    | |  2.6

Action                   || total
-------------------------++-------
Melee: Unarmed           ||     7
       Dagger            ||     2
 Cast: Sandblast         ||    20
  Use: Potion            ||     3
 Stab: Sleeping          ||     1
Armor: Robe              ||     7
Dodge: Dodged            ||    26

Table legend:
 A = Spawn XP
 B = Non-spawn XP
 C = Spawn XP percentage of total XP
 D = Spawn monster count
 E = Non-spawn monster count
 F = Spawn count percentage of total count
 G = Total turns spent on level
                    A         B        C        D         E        F      G
               +---------+---------+-------+---------+---------+-------+---------
         Total |       0 |      35 |   0.0 |       0 |      15 |   0.0 |   431
               +---------+---------+-------+---------+---------+-------+---------
           D:1 |       0 |      14 |   0.0 |       0 |       9 |   0.0 |   325
           D:2 |       0 |      21 |   0.0 |       0 |       6 |   0.0 |    87
               +---------+---------+-------+---------+---------+-------+---------
